 Dungeon Crawl Stone Soup version 0.29.0-15-g675c0067aa (webtiles) character file.

Game seed: 14768134571494131127

64 qw the Chopper (level 4, -1/28 HPs)
             Began as a Gargoyle Fighter on Sept 12, 2022.
             Killed from afar by a dart slug (3 damage)
             ... with a slug dart
             ... on level 3 of the Dungeon.
             The game lasted 00:00:51 (2221 turns).

qw the Chopper (Gargoyle Fighter)                   Turns: 2221, Time: 00:00:52

Health: -1/28      AC: 12    Str: 27    XL:     4   Next: 12%
Magic:  4/4        EV:  9    Int: 15    God:
Gold:   53         SH:  4    Dex:  9    Spells: 3/3 levels left

rFire   . . .      SeeInvis .   Y - +0 war axe
rCold   + . .      Faith    .   c - +0 buckler
rNeg    + . .      Spirit   .   b - +0 scale mail
rPois   inf        Reflect  .   j - +0 helmet
rElec   +          Harm     .   (no cloak)
rCorr   .          Rampage  .   (no gloves)
Will    .....                   g - +0 pair of boots
Stlth   ..........              (no amulet)
HPRegen 0.09/turn               a - +6 ring of strength
MPRegen 0.09/turn               q - ring of Luschoiz {rElec rC+ Int+6}

@: very slow
A: sickness immunity, AC +3, negative energy resistance 1, electricity
resistance, torment resistance 1, petrification resistance
a: no special abilities


You were on level 3 of the Dungeon.
You visited 1 branch of the dungeon, and saw 3 of its levels.

You collected 53 gold pieces.


Innate Abilities, Weirdness & Mutations

You are immune to sickness and miasma.
Your stone body is resilient. (AC +3)
You are immune to poison.
You resist negative energy. (rN+)
You are resistant to electric shocks. (rElec)
You are resistant to unholy torment.
You are immune to petrification.


   Skills:
 - Level 3.2 Fighting
 + Level 3.9 Axes
 - Level 3.2 Armour
 - Level 3.2 Shields


You had 3 spell levels left.
You didn't know any spells.
Your spell library was empty.

Inventory:

Hand Weapons
 i - a +0 whip
 Y - a +0 war axe (weapon)
Armour
 b - a +0 scale mail (worn)
 c - a +0 buckler (worn)
 g - a +0 pair of boots (worn)
 j - a +0 helmet (worn)
Jewellery
 a - a +6 ring of strength (left hand)
 q - the ring of Luschoiz (right hand) {rElec rC+ Int+6}
   (You found it on level 2 of the Dungeon)

   [ring of protection from cold]

   Int:       It affects your intelligence (+6).
   rC:        It protects you from cold.
   rElec:     It insulates you from electricity.
Scrolls
 n - a scroll of identify
Potions
 d - a potion of might
 e - a potion of mutation
 h - a potion of resistance {unknown}
 m - a potion of curing
 o - a potion of lignification {unknown}
 p - a potion of degeneration {unknown}

Dungeon Overview and Level Annotations

Branches:
Dungeon (3/15)

Altars:


Message History

The slug dart hits you but does no damage.
The dart slug launches a dart at you. You block the slug dart.
The dart slug launches a dart at you. The slug dart misses you.
The dart slug briefly extends its eye-stalks.
The dart slug launches a dart at you. The slug dart misses you.
The dart slug launches a dart at you.
The slug dart hits you but does no damage.
The dart slug launches a dart at you.
The slug dart hits you but does no damage.
The dart slug launches a dart at you.
The slug dart hits you but does no damage.
The dart slug launches a dart at you.
The slug dart hits you but does no damage.
The dart slug launches a dart at you. The slug dart misses you.
The dart slug launches a dart at you. The slug dart misses you.
The dart slug launches a dart at you.
The slug dart hits you but does no damage.
The endoplasm jiggles.
The dart slug launches a dart at you. The slug dart misses you.
The dart slug launches a dart at you.
The slug dart hits you but does no damage.
The dart slug launches a dart at you. The slug dart hits you.
The dart slug launches a dart at you.
The slug dart hits you but does no damage.
The dart slug launches a dart at you. The slug dart misses you.
The dart slug launches a dart at you. The slug dart hits you.
The dart slug launches a dart at you.
The slug dart hits you but does no damage.
The dart slug launches a dart at you. The slug dart hits you.
You die...

~~~~~~~~.~~~~~~~
~~~~~~~...#~##~~
.~~~~#~.<)~~~~~~
~~~~~~~<.$~~~~~~
~~~w~~~~$~~~~~#~
##~~~#~~.~~~~~~~
#.~~~~.~..~~~~~.
.#~~~#~(..~~~~~#
##~~#~@~~~~wJ.#
##.~~~~~~~w#.#
#...~~.~~##..#
###...=### ..#
##...# # ##.##
#.# #.#


You could see 3 dart slugs and an endoplasm.

Vanquished Creatures
  2 worms (D:2)
  2 dart slugs (D:3)
  An orc (D:2)
  4 endoplasms
  3 giant cockroaches (D:1)
  A hobgoblin (D:2)
  8 jackals
  5 ball pythons
  3 bats
  6 frilled lizards
  7 goblins
  2 kobolds (D:1)
  6 rats
50 creatures vanquished.

Notes
Turn   | Place    | Note
-------+----------+-------------------------------------------
     0 | D:1      | qw the Gargoyle Fighter began the quest for the Orb.
     0 | D:1      | Reached XP level 1. HP: 14/14 MP: 1/1
     0 | D:1      | 0 ||| qw: Version: 0.1-a-119-g272c26d
     0 | D:1      | 0 ||| qw: Game counter: 10988
     0 | D:1      | 0 ||| qw: Always use a shield: true
     0 | D:1      | 0 ||| qw: God list: Okawaru
     0 | D:1      | 0 ||| qw: Allow faded altars: false
     0 | D:1      | 0 ||| qw: Do Orc after D:15 true
     0 | D:1      | 0 ||| qw: Do second Lair branch before Depths: true
     0 | D:1      | 0 ||| qw: Lair rune preference: random
     0 | D:1      | 0 ||| qw: Plans: Normal, Zot, God:TSO, Crypt, Tomb, Pan,
                  | Slime, Hells, Zig, Abyss, Orb
     0 | D:1      | 0 ||| PLANNING D:1-11
   338 | D:1      | Reached XP level 2. HP: 19/19 MP: 2/2
   385 | D:1      | 385 ||| Stepping ~*~*~tactically~*~*~ (stealth).
   394 | D:1      | 394 ||| Stepping ~*~*~tactically~*~*~ (stealth).
   438 | D:1      | 438 ||| DROPPING +0 club.
   577 | D:1      | Found a faded altar of an unknown god.
   613 | D:1      | 613 ||| Stepping ~*~*~tactically~*~*~ (stealth).
   615 | D:1      | 615 ||| Stepping ~*~*~tactically~*~*~ (stealth).
   639 | D:1      | Reached skill level 3 in Axes
   849 | D:1      | 849 ||| UPGRADING to +0 pair of boots.
   854 | D:1      | 854 ||| READING scroll labelled WUIT IMPERUR.
   855 | D:1      | 855 ||| READING scroll labelled YCOLEQUFAGH.
   913 | D:2      | Reached XP level 3. HP: 23/23 MP: 3/3
  1666 | D:2      | Identified the ring of Luschoiz {rElec rC+ Int+6}
  1712 | D:2      | 1712 ||| Stepping ~*~*~tactically~*~*~ (stealth).
  1897 | D:2      | Reached XP level 4. HP: 23/28 MP: 4/4
  2080 | D:2      | 2080 ||| UPGRADING to +0 helmet.
  2085 | D:2      | 2085 ||| UPGRADING to +6 ring of strength.
  2086 | D:2      | 2086 ||| UPGRADING to ring of Luschoiz {rElec rC+ Int+6}.
  2087 | D:2      | 2087 ||| READING scroll labelled ROIKLI INOATZU.
  2088 | D:2      | 2088 ||| DRINKING 2 purple potions.
  2089 | D:2      | 2089 ||| DRINKING 2 grey potions.
  2090 | D:2      | 2090 ||| READING 3 scrolls of identify.
  2090 | D:2      | 2090 ||| IDENTIFYING sedimented dark potion
  2091 | D:2      | 2091 ||| READING 2 scrolls of identify.
  2091 | D:2      | 2091 ||| IDENTIFYING bubbling emerald potion
  2092 | D:2      | 2092 ||| DROPPING potion of ambrosia.
  2093 | D:2      | 2093 ||| DROPPING potion of flight.
  2190 | D:3      | HP: 7/28 [dart slug/slug dart (4)]
  2213 | D:3      | HP: 7/28 [dart slug/slug dart (2)]
  2220 | D:3      | HP: 2/28 [dart slug/slug dart (5)]
  2221 | D:3      | Killed from afar by a dart slug

Levels and vault maps discovered:
D:1:      saegor_arrival_simple_b, layout_basic,
          hellmonk_ecumenical_altar_blasted
D:2:      layout_basic, kennysheep_boxes
D:3:      kennysheep_slugbush, layout_rooms, lemuel_coloured_pillars_altar,
          minmay_pentomino_pile

Skill      XL: |  1  2 |
---------------+-------+-----
Axes           | 2 3 |  3.9
Fighting       | |  3.2
Armour         | |  3.2
Shields        | |  3.2

Action                   |  1- 3 |  4- 6 || total
-------------------------+-------+-------++-------
Melee: War axe           |   107 |     4 ||   111
  Use: Scroll            |     2 |     3 ||     5
       Potion            |       |     2 ||     2
Armor: Scale mail        |    43 |    27 ||    70
Dodge: Dodged            |    49 |    16 ||    65
Block: Buckler           |    11 |     3 ||    14

Table legend:
 A = Non-vault XP
 B = Vault XP
 C = Vault XP percentage of total XP
 D = Non-vault monster count
 E = Vault monster count
 F = Vault count percentage of total count
                 A         B        C        D         E       F
            +---------+---------+-------+---------+---------+-------
      Total |      84 |       8 |   8.7 |      48 |       2 |   4.0
            +---------+---------+-------+---------+---------+-------
        D:1 |      33 |       0 |   0.0 |      23 |       0 |   0.0
        D:2 |      51 |       0 |   0.0 |      25 |       0 |   0.0
        D:3 |       0 |       8 | 100.0 |       0 |       2 | 100.0
            +---------+---------+-------+---------+---------+-------
